 Dungeon Crawl Stone Soup version 0.24-a0-487-g57318f2ed0 (webtiles) character file.

Game seed: 10729343563547403674

48887 Murumi the Blocker (level 14, -6/112 (114) HPs)
             Began as a Formicid Fighter on July 11, 2019.
             Was a High Priest of Okawaru.
             Drowned by a drowned soul (17 damage)
             ... summoned by a merfolk avatar
             ... on level 6 of the Lair of Beasts.
             The game lasted 01:20:39 (22050 turns).

Murumi the Blocker (Formicid Fighter)              Turns: 22050, Time: 01:20:40

HP:   -6/112 (114)  AC: 25    Str: 21    XL:     14   Next: 89%
MP:   20/20         EV:  8    Int: 13    God:    Okawaru [*****.]
Gold: 1141          SH: 21    Dex: 13    Spells: 13/13 levels left

rFire    + . .     SeeInvis +   a - +5 demon blade (drain)
rCold    + . .     Gourm    .   P - +2 large shield {AC+3}
rNeg     . . .     Faith    .   G - +3 plate armour
rPois    .         Spirit   .   (helmet unavailable)
rElec    .         Reflect  .   Q - scarf {rC+ rF+}
rCorr    .         Harm     .   y - +1 pair of gloves
MR       +....                  B - +0 pair of boots
Stlth    ..........             (no amulet)
HPRegen  0.28/turn              N - +5 ring of slaying
MPRegen  0.17/turn              F - +3 ring of dexterity

@: flying, mesmerised
A: permanent stasis, dig shafts and tunnels, four strong arms, antennae 3
a: Dig, Shaft Self, Heroism, Finesse, Renounce Religion


You were on level 6 of the Lair of Beasts.
You worshipped Okawaru.
Okawaru was extremely pleased with you.
You were not hungry.

You visited 3 branches of the dungeon, and saw 19 of its levels.
You also visited: Ossuary and Ice Cave.

You collected 1973 gold pieces.
You spent 832 gold pieces at shops.

Inventory:

Hand Weapons
 a - a +5 demon blade of draining (weapon)
 f - the +8 triple crossbow "Qur Yrun" {freeze, MR+ Dex+6}
   (Okawaru gifted it to you on level 3 of the Lair of Beasts)

   It causes projectiles fired from it to freeze those they strike, causing
   extra injury to most foes and up to half again as much damage against
   particularly susceptible opponents.
   They can also slow down cold-blooded creatures.
   It affects your dexterity (+6).
   It affects your resistance to hostile enchantments.
 u - a +0 great sword of venom
Missiles
 j - 302 bolts
 M - 8 atropa-tipped darts (quivered)
 R - 15 poisoned darts
Armour
 y - a +1 pair of gloves (worn)
 B - a +0 pair of boots (worn)
 G - a +3 plate armour (worn)
 P - a +2 large shield of protection (worn)
 Q - a scarf of resistance (worn)
Jewellery
 x - an uncursed ring of ice
 F - a +3 ring of dexterity (right hand)
 H - the ring of Lucidity {MR+ rCorr SInv Stlth+}
   (You found it in an ice cave)

   [ring of resist corrosion]

   It affects your resistance to hostile enchantments.
   It lets you see invisible.
   It provides partial protection from all sources of acid and corrosion.
   It makes you more stealthy.
 N - a +5 ring of slaying (left hand)
Wands
 c - a wand of paralysis (10)
 i - a wand of disintegration (24)
 r - a wand of clouds (11)
 t - a wand of iceblast (15)
 E - a wand of digging (21)
 L - a wand of random effects (28)
 S - a wand of acid (10)
Scrolls
 k - 8 scrolls of remove curse
 n - 2 scrolls of enchant weapon
 v - 9 scrolls of enchant armour
 z - 8 scrolls of identify
 A - a scroll of magic mapping
 C - a scroll of fog
 D - 4 scrolls of amnesia
 K - a scroll of fear
Potions
 b - a potion of brilliance
 d - 3 potions of mutation
 h - 9 potions of curing
 l - 4 potions of flight
 m - 2 potions of resistance
 o - a potion of invisibility
 p - 3 potions of cancellation
 q - 4 potions of magic
 s - 2 potions of heal wounds
 w - 3 potions of agility
 I - 3 potions of might
Miscellaneous
 g - a fan of gales
 J - a phantom mirror
 O - a phial of floods
Comestibles
 e - 32 rations
 T - 3 chunks of flesh


   Skills:
 + Level 11.9 Fighting
 - Level 10.0 Long Blades
 - Level 10.0 Crossbows
 - Level 11.0 Armour
 - Level 5.0 Dodging
 - Level 13.0 Shields
 - Level 8.0 Invocations
 - Level 7.1 Evocations


You had 13 spell levels left.
You didn't know any spells.
Your spell library contained the following spells:

 Spells                   Type           Power        Failure   Level  Hunger
 Flame Tongue             Conj/Fire      #....        100%        1    ##.....
 Infusion                 Chrm           #...         100%        1    ##.....
 Sandblast                Erth           #.....       100%        1    ##.....
 Shock                    Conj/Air       #...         100%        1    ##.....
 Sting                    Conj/Pois      #...         100%        1    ##.....
 Passwall                 Tmut/Erth      #.......     100%        2    ###....
 Poisonous Vapours        Pois/Air       #.....       100%        2    ###....
 Shroud of Golubria       Chrm/Tloc      #.....       100%        2    ###....
 Song of Slaying          Chrm           #.......     100%        2    ###....
 Swiftness                Chrm/Air       #.......     100%        2    ###....
 Throw Flame              Conj/Fire      #.....       100%        2    ###....
 Conjure Flame            Conj/Fire      #.......     100%        3    ####...
 Inner Flame              Hex/Fire       #.......     100%        3    ####...
 Mephitic Cloud           Conj/Pois/Air  #.......     100%        3    ####...
 Regeneration             Chrm/Necr      #.........   100%        3    ####...
 Spectral Weapon          Hex/Chrm       #.......     100%        3    ####...
 Static Discharge         Conj/Air       #.......     100%        3    ####...
 Stone Arrow              Conj/Erth      #.....       100%        3    ####...
 Airstrike                Air            #.........   100%        4    #####..
 Ice Form                 Ice/Tmut       #.......     100%        4    #####..
 Olgreb's Toxic Radiance  Pois           #.......     100%        4    #####..
 Petrify                  Tmut/Erth      #.......     100%        4    #####..
 Sticky Flame             Conj/Fire      #.......     100%        4    #####..
 Fireball                 Conj/Fire      #.........   100%        5    ######.
 Lee's Rapid Deconstruct  Erth           #.........   100%        5    ######.
 Lightning Bolt           Conj/Air       #.........   100%        5    ######.
 Metabolic Englaciation   Hex/Ice        #.........   100%        5    ######.
 Venom Bolt               Conj/Pois      #.........   100%        5    ######.
 Bolt of Cold             Conj/Ice       #.........   100%        6    #######
 Freezing Cloud           Conj/Ice/Air   #.........   100%        6    #######
 Ozocubu's Refrigeration  Ice            #.........   100%        6    #######
 Simulacrum               Ice/Necr       #.........   100%        6    #######


Dungeon Overview and Level Annotations

Branches:
Dungeon (11/15)            Temple (0/1) D:7            Lair (6/6) D:10
  Swamp (0/4) Lair:2       Spider (0/4) Lair:2        Slime (0/5) Lair:5
    Orc (2/2) D:9             Elf (0/3) Orc:2

Altars:
Cheibriados
Elyvilon
Hepliaklqana
Makhleb
Nemelex Xobeh
Okawaru
Sif Muna
Trog
Yredelemnul
Beogh

Shops:
D:10 [   Orc:2 ?=(%

Annotations:
Orc:1 2 runed translucent doors, Utadis's ghost, journeyman MiBe


Innate Abilities, Weirdness & Mutations

You cannot be hasted, slowed, berserked, paralysed or teleported.
You can dig through walls and to a lower floor.
Your four strong arms can wield two-handed weapons with a shield.
You have a pair of large antennae on your head. (SInv)


Message History

The drowned soul touches you. The drowned soul drowns you!
The merfolk avatar chants its luring song.
You block the drowned soul's attack.
You are too injured to fight recklessly!
You feel very buoyant.
You fly up into the air.
The pull of its song draws you forwards.
The drowned soul touches you. The drowned soul drowns you!
The drowned soul touches you. The drowned soul drowns you!
* * * LOW HITPOINT WARNING * * *
The merfolk avatar chants its luring song.
You slash the merfolk avatar! You drain the merfolk avatar.
The merfolk avatar is almost dead.
You completely miss the merfolk avatar.
The merfolk avatar is almost dead.
The merfolk avatar chants its luring song.
The drowned soul touches you. The drowned soul drowns you!
* * * LOW HITPOINT WARNING * * *
The drowned soul touches you. The drowned soul drowns you!
You die...

....≈≈≈≈≈≈≈≈≈≈≈≈≈≈≈≈≈≈P≈≈≈≈≈≈≈≈≈,
....≈##≈.###################≈,,,≈
......#≈#≈≈8#8≈≈≈≈≈≈≈≈8#≈≈≈*≈**≈*
....≈≈≈≈≈P≈≈#≈≈≈P≈P≈≈≈P#≈≈≈≈≈≈≈,≈
.....≈≈≈.≈P≈#≈≈≈P≈≈≈P≈≈#≈≈≈≈≈≈≈≈*
....≈##≈.≈≈≈#≈≈≈≈≈≈≈≈≈≈#≈≈≈≈≈*,,*
....≈#.≈#≈≈≈≈≈≈≈???:≈#≈.≈≈≈*≈**,,
.....≈PP≈≈8≈≈≈≈≈?≈≈)≈≈≈#≈≈≈≈≈≈≈,*
....≈≈≈≈≈≈8≈≈≈≈(@mW|≈P≈#≈≈≈≈≈≈≈,*
....≈##≈#≈(((((≈(?$=≈P≈#≈≈≈*≈,*≈≈
....≈##≈#(((#≈≈≈≈≈≈≈≈≈≈#≈≈≈≈≈,*,≈
[...≈((≈.≈≈≈#≈≈≈#≈≈≈≈≈≈#≈≈≈≈≈≈≈,*
....≈≈P≈≈P≈≈#≈≈≈≈≈≈≈≈≈≈#≈≈≈≈≈≈≈,,
....†#†P#≈≈8#≈≈≈≈P≈≈≈≈8#,≈≈,≈**≈*
..÷...#≈.#######.#######****≈*,≈*
....≈≈≈≈≈≈(≈≈≈≈≈P≈≈≈≈≈≈≈≈≈≈≈≈≈≈≈≈
.....≈≈≈≈≈≈≈P≈≈≈≈≈≈≈≈≈≈≈≈≈≈≈≈≈≈,,


You could see a merfolk avatar and a drowned soul.

Vanquished Creatures
  A dire elephant (Lair:6)
  The ghost of Qaib the Nimble, a journeyman OpWz of Sif Muna (Lair:3)
  4 hydras
  A two-headed ogre (D:8)
  3 death yaks
  An orc high priest (Orc:2)
  Urug (Lair:2)
  A harpy (Lair:6)
  3 cyclopes
  2 ugly things (IceCv)
  An orc knight (Orc:2)
  4 orc sorcerers (Orc:2)
  A manticore (Lair:6)
  3 elephants
  3 ice statues (IceCv)
  A gargoyle (D:10)
  Joseph (D:8)
  13 spiny frogs
  A torpor snail (Lair:3)
  6 komodo dragons
  4 rime drakes
  2 queen bees
  5 polar bears
  6 tyrant leeches (Lair:3)
  2 hornets
  A jumping spider (Lair:2)
  3 meliai (Lair:4)
  A wind drake (Lair:6)
  2 trolls
  Prince Ribbit (Lair:3)
  Grinder (D:4)
  7 blink frogs
  2 slime creatures (Lair:5)
  Sigmund (D:2)
  3 hippogriffs
  2 wraiths
  A spriggan (D:9)
  A redback (Lair:2)
  26 yaks
  6 wyverns
  4 vampire mosquitoes
  Grum (D:8)
  A basilisk (Lair:3)
  4 wargs (Orc:1)
  11 water moccasins
  4 swamp worms (Lair:3)
  An acid dragon (D:10)
  7 porcupines
  3 sky beasts
  2 black bears
  12 orc warriors
  16 ice beasts
  12 ogres
  A necrophage (D:8)
  4 phantoms
  4 centaurs
  2 wolves (D:8)
  9 crocodiles
  12 bullfrogs
  3 big kobolds
  3 elf zombies (Ossuary)
  3 scorpions
  28 killer bees
  3 wights (D:8)
  2 crimson imps (D:5)
  A quasit (D:10)
  2 bullfrog zombies
  A centaur zombie (Ossuary)
  6 hounds
  A bullfrog skeleton (D:5)
  A human zombie (Ossuary)
  19 orc priests
  3 jellies
  29 orc wizards
  3 centaur skeletons
  4 iguanas
  Terence (D:2)
  9 worker ants
  2 big kobold zombies (Ossuary)
  6 hound zombies
  3 mummies (Ossuary)
  A worker ant zombie (D:7)
  Robin (D:2)
  11 adders
  An ooze (D:1)
  5 adder zombies
  2 adder skeletons
  2 worms (D:4)
  2 dart slugs
  8 leopard geckos
  55 orcs
  3 giant cockroaches
  8 hobgoblins
  20 jackals
  19 kobolds
  3 quokkas
  2 ball pythons
  5 bats
  3 frilled lizards
  8 goblins (D:2)
  3 goblin zombies
  2 hobgoblin zombies (Ossuary)
  A jackal skeleton (D:3)
  5 jackal zombies (Ossuary)
  7 kobold zombies (Ossuary)
  A leopard gecko zombie (D:7)
  An orc zombie (Ossuary)
  3 quokka skeletons
  3 quokka zombies (Ossuary)
  7 rats
  2 rat zombies
566 creatures vanquished.

Vanquished Creatures (others)
  3 orcs (D:10)
  2 bushes (Lair:4)
  10 fungi
  9 plants
24 creatures vanquished.

Grand Total: 590 creatures vanquished

Notes
Turn   | Place    | Note
-------+----------+-------------------------------------------
     0 | D:1      | Murumi the Formicid Fighter began the quest for the Orb.
     0 | D:1      | Reached XP level 1. HP: 18/18 MP: 1/1
   162 | D:1      | Reached skill level 4 in Shields
   162 | D:1      | Reached XP level 2. HP: 24/24 MP: 2/2
   410 | D:1      | Reached skill level 1 in Dodging
   641 | D:1      | Reached XP level 3. HP: 29/29 MP: 3/3
  1270 | D:2      | Noticed Robin
  1281 | D:2      | Killed Robin
  1281 | D:2      | Reached XP level 4. HP: 36/36 MP: 4/4
  1314 | D:2      | Noticed Sigmund
  1328 | D:2      | Killed Sigmund
  1328 | D:2      | Reached XP level 5. HP: 41/46 MP: 5/5
  1328 | D:2      | Reached XP level 6. HP: 46/52 MP: 6/6
  1379 | D:2      | Noticed Terence
  1397 | D:2      | Killed Terence
  1721 | D:2      | Found a hazy altar of Hepliaklqana.
  2122 | D:3      | Reached skill level 5 in Shields
  2126 | D:3      | Reached XP level 7. HP: 58/58 MP: 7/7
  2432 | D:3      | Found a burning altar of Makhleb.
  2520 | D:3      | Found a transporter.
  2521 | D:3      | Noticed a wraith
  2524 | D:3      | Found a transporter.
  2918 | D:3      | Killed a wraith
  3271 | D:4      | Reached skill level 5 in Long Blades
  3284 | D:4      | Reached skill level 1 in Evocations
  3366 | D:4      | Reached XP level 8. HP: 59/64 MP: 8/10
  3631 | D:4      | Reached skill level 5 in Armour
  3841 | D:4      | Noticed Grinder
  3854 | D:4      | Killed Grinder
  3854 | D:4      | Reached skill level 7 in Shields
  3965 | D:4      | Found a deep blue altar of Sif Muna.
  4251 | D:5      | Entered Level 5 of the Dungeon
  4488 | D:5      | Reached XP level 9. HP: 37/69 MP: 11/11
  4578 | D:5      | Found a sand-covered staircase.
  4595 | Ossuary  | Entered an ossuary
  4758 | Ossuary  | Reached skill level 8 in Shields
  5828 | D:6      | Reached skill level 9 in Shields
  5993 | D:6      | Found a bloodstained altar of Trog.
  6252 | D:6      | Reached XP level 10. HP: 79/79 MP: 12/12
  7412 | D:7      | Found a white marble altar of Elyvilon.
  7417 | D:7      | Found an iron altar of Okawaru.
  7425 | D:7      | Became a worshipper of Warmaster Okawaru
  7430 | D:7      | Found a snail-covered altar of Cheibriados.
  7526 | D:7      | Found a bloodstained altar of Trog.
  7604 | D:7      | Found a staircase to the Ecumenical Temple.
  7897 | D:8      | Noticed Joseph
  7909 | D:8      | Killed Joseph
  7915 | D:8      | Reached * piety under Okawaru
  7915 | D:8      | Reached skill level 1 in Crossbows
  8376 | D:8      | Noticed a two-headed ogre
  8393 | D:8      | HP: 1/78 [two-headed ogre/+0 giant club (11)]
  8736 | D:8      | Killed a two-headed ogre
  8736 | D:8      | Reached skill level 5 in Crossbows
  8857 | D:8      | Reached ** piety under Okawaru
  9093 | D:8      | Noticed Grum
  9115 | D:8      | Killed Grum
  9115 | D:8      | Reached XP level 11. HP: 42/84 MP: 14/14
  9350 | D:8      | Noticed a cyclops
  9365 | D:8      | Killed a cyclops
  9387 | D:8      | Reached skill level 1 in Invocations
 10344 | D:9      | Reached skill level 5 in Invocations
 10744 | D:9      | Reached *** piety under Okawaru
 10789 | D:9      | Found a basalt altar of Yredelemnul.
 10811 | D:9      | Found a staircase to the Orcish Mines.
 11101 | D:10     | Entered Level 10 of the Dungeon
 11436 | D:10     | Received a gift from Okawaru
 11794 | D:10     | Found Intaluow's Antique Armour Shop.
 11970 | D:10     | Reached **** piety under Okawaru
 12680 | D:10     | Found a staircase to the Lair.
 13484 | Orc:1    | Entered Level 1 of the Orcish Mines
 13511 | Orc:1    | Reached skill level 10 in Shields
 13650 | Orc:1    | Reached XP level 12. HP: 64/93 MP: 15/15
 13857 | Orc:1    | Found a roughly hewn altar of Beogh.
 13890 | Orc:1    | Found a large runed translucent door.
 13916 | Orc:1    | Found a large runed translucent door.
 13917 | Orc:1    | Noticed Utadis's ghost (journeyman MiBe)
 14102 | Orc:2    | Entered Level 2 of the Orcish Mines
 14143 | Orc:2    | Received a gift from Okawaru
 14348 | Orc:2    | Received a gift from Okawaru
 14886 | Orc:2    | Found a staircase to the Elven Halls.
 14953 | Orc:2    | Reached skill level 5 in Evocations
 15066 | Orc:2    | Noticed an orc high priest
 15079 | Orc:2    | Killed an orc high priest
 15260 | Orc:2    | Received a gift from Okawaru
 15351 | Orc:2    | Found Tosuinoc's Weapon Shoppe.
 15352 | Orc:2    | Found Ruaroj's Magic Scroll Emporium.
 15353 | Orc:2    | Found Guvozo's Jewellery Emporium.
 15356 | Orc:2    | Found Soorgh's Food Shoppe.
 15369 | Orc:2    | Bought a scroll of acquirement for 832 gold pieces
 15697 | Lair:1   | Entered Level 1 of the Lair of Beasts
 15985 | Lair:1   | Reached ***** piety under Okawaru
 15988 | Lair:1   | Received a gift from Okawaru
 15988 | Lair:1   | Reached skill level 10 in Fighting
 16411 | Lair:1   | Reached XP level 13. HP: 91/101 MP: 17/17
 16495 | Lair:2   | Reached skill level 10 in Armour
 16596 | Lair:2   | Received a gift from Okawaru
 16624 | Lair:2   | Found a hole to the Spider Nest.
 16681 | Lair:2   | Noticed Urug
 16699 | Lair:2   | Killed Urug
 16699 | Lair:2   | Reached skill level 11 in Shields
 16726 | Lair:2   | Noticed a six-headed hydra
 16734 | Lair:2   | Killed a six-headed hydra
 16734 | Lair:2   | Received a gift from Okawaru
 16767 | Lair:2   | Found a staircase to the Swamp.
 17170 | Lair:3   | Found a transporter.
 17610 | Lair:3   | Found a transporter.
 17707 | Lair:3   | Noticed Prince Ribbit
 17733 | Lair:3   | Received a gift from Okawaru
 17740 | Lair:3   | Identified the +8 triple crossbow "Qur Yrun" {freeze, MR+
                  | Dex+6} (Okawaru gifted it to you on level 3 of the Lair of
                  | Beasts)
 17748 | Lair:3   | Killed Prince Ribbit
 17796 | Lair:3   | You fall into a shaft and drop 3 floors!
 17796 | Lair:6   | Entered Level 6 of the Lair of Beasts
 17802 | Lair:6   | Noticed a five-headed hydra
 17813 | Lair:6   | Killed a five-headed hydra
 17813 | Lair:6   | Reached skill level 12 in Shields
 17910 | Lair:6   | Found a frozen archway.
 17926 | IceCv    | Entered an ice cave
 18482 | IceCv    | Got a sparkling pewter ring
 18483 | IceCv    | Identified the ring of Lucidity {MR+ rCorr SInv Stlth+}
                  | (You found it in an ice cave)
 18562 | Lair:6   | Received a gift from Okawaru
 18636 | Lair:5   | Noticed a seven-headed hydra
 18640 | Lair:5   | Killed a seven-headed hydra
 18652 | Lair:5   | Reached XP level 14. HP: 109/111 MP: 19/19
 18810 | Lair:5   | Received a gift from Okawaru
 18905 | Lair:3   | Reached skill level 10 in Long Blades
 18996 | Lair:3   | Found a sparkling altar of Nemelex Xobeh.
 19276 | Lair:3   | Noticed Qaib's ghost (journeyman OpWz)
 19295 | Lair:3   | You fall into a shaft and drop 3 floors!
 19825 | Lair:3   | Reached skill level 10 in Crossbows
 19849 | Lair:3   | Killed Qaib's ghost
 19866 | Lair:3   | Got a wavering ivory amulet
 19867 | Lair:3   | Identified the amulet "Fooxtet" {Harm *Drain Dex+7} (You
                  | found it on level 3 of the Lair of Beasts)
 20012 | Lair:4   | Reached skill level 5 in Dodging
 21114 | Lair:5   | Found a staircase to the Slime Pits.
 21853 | Lair:6   | Reached skill level 13 in Shields
 21971 | Lair:6   | Received a gift from Okawaru
 21997 | Lair:6   | Noticed a dire elephant
 22013 | Lair:6   | Killed a dire elephant
 22013 | Lair:6   | Received a gift from Okawaru
 22050 | Lair:6   | Drowned by a drowned soul

Levels and vault maps discovered:
D:1:      saegor_arrival_simple_d, layout_loops_cross, st_stairs_6
D:2:      layout_loops_ring, lemuel_coloured_pillars_altar,
          minmay_parallelograms, serial_bayou_lagoon_a, minmay_misc_feat_x,
          uniq_terence, uniq_sigmund, uniq_robin
D:3:      layout_loops_corners, gammafunk_temple_overflow_arena, first_ration
D:4:      layout_basic, led_sif_pool, uniq_grinder
D:5:      cheibrodos_helix_gallery, layout_basic, enter_ossuary_4
D:6:      layout_loops_ring, basic_altar
D:7:      layout_loops_corners, bloody_trog, minmay_overflow_temple_star_quad,
          minmay_temple_entry_butterflies
D:8:      layout_basic, uniq_joseph, uniq_grum
D:9:      layout_rooms, orc_0_dummy, basic_altar, the_bakery
D:10:     layout_loops_corners, erik_lair_dragon, serial_shops, shop
D:11:     layout_loops_ring, nicolae_straight_to_the_point, uniq_josephine
Lair:1:   layout_roguey, chequers_serial_rivers_large_a
Lair:2:   layout_roguey, minmay_swamp_entry_swarm, spider_nest_entry_a,
          chequers_serial_rivers_room_b, uniq_urug
Lair:3:   layout_regular_city, basic_altar, gammafunk_ghost_hive, worms_lemuel,
          uniq_prince_ribbit2
Lair:4:   layout_roguey [special_room_bee], serial_bayou_shore_a
Lair:5:   layout_regular_city, minmay_slime_entry_pillars
Lair:6:   gammafunk_lair_ancient_temple, layout_cave_shapes,
          portal_ice_cave_entry_ice_beasts
Orc:1:    layout_diamond_mine, ebering_ghost_disaster_area, minmay_orc_temple_a
Orc:2:    st_orc_mages, layout_diamond_mine

Skill      XL: |  1  2  3  4  5  6  7  8  9 10 11 12 13 14 |
---------------+-------------------------------------------+-----
Shields        | 4 5 7 9 10 12 13 | 13.0
Dodging        | 1 2 3 4 5 |  5.0
Long Blades    | 3 5 6 7 9 10 | 10.0
Fighting       | 6 7 8 9 10 11 | 11.9
Armour         | 4 6 7 8 9 11 | 11.0
Evocations     | 2 3 4 5 6 7 |  7.1
Crossbows      | 6 7 9 10 | 10.0
Invocations    | 5 6 7 8 |  8.0

Action                   |  1- 3 |  4- 6 |  7- 9 | 10-12 | 13-15 || total
-------------------------+-------+-------+-------+-------+-------++-------
Melee: Long sword        |    82 |   120 |   588 |   382 |       ||  1172
       Great sword       |       |       |       |   518 |       ||   518
       Demon blade       |       |       |       |    67 |   456 ||   523
 Fire: Triple crossbow   |       |       |       |       |   144 ||   144
       Hand crossbow     |       |       |       |       |    27 ||    27
Throw: Stone             |    30 |    19 |   115 |   128 |       ||   292
       Boomerang         |       |       |    92 |   183 |    27 ||   302
       Throwing net      |       |       |       |     2 |       ||     2
       Dart              |       |       |       |       |     2 ||     2
Invok: Heroism           |       |       |       |     4 |     3 ||     7
       Finesse           |       |       |       |       |     3 ||     3
 Abil: Dig               |       |       |     2 |     7 |     5 ||    14
Evoke: Wand              |       |       |     2 |       |     8 ||    10
  Use: Scroll            |     7 |     4 |     8 |     5 |     7 ||    31
       Potion            |       |     1 |     2 |     1 |     1 ||     5
 Stab: Held in net/web   |       |       |       |     1 |       ||     1
       Distracted        |       |       |       |       |     1 ||     1
  Eat: Chunk             |     1 |     3 |    12 |    30 |    10 ||    56
       Ration            |       |       |     1 |     1 |     3 ||     5
Armor: Scale mail        |    33 |     7 |       |       |       ||    40
       Chain mail        |       |    37 |   243 |   280 |       ||   560
       Plate armour      |       |       |       |    69 |   151 ||   220
Dodge: Dodged            |    21 |    28 |   144 |   276 |    75 ||   544
Block: Shield            |    36 |    70 |   297 |   607 |   117 ||  1127
       Large shield      |       |       |       |       |   213 ||   213
       Rpst.: Long sword |     6 |    10 |    48 |    33 |       ||    97
       Great sword       |       |       |       |    43 |       ||    43
       Demon blade       |       |       |       |     6 |    13 ||    19

Table legend:
 A = Non-vault XP
 B = Vault XP
 C = Vault XP percentage of total XP
 D = Non-vault monster count
 E = Vault monster count
 F = Vault count percentage of total count
                 A         B        C        D         E       F
            +---------+---------+-------+---------+---------+-------
      Total |   36569 |   33270 |  47.6 |     345 |     221 |  39.0
            +---------+---------+-------+---------+---------+-------
        D:1 |      29 |       2 |   6.5 |      13 |       1 |   7.1
        D:2 |      40 |     296 |  88.1 |      17 |      10 |  37.0
        D:3 |     216 |     231 |  51.7 |      34 |       5 |  12.8
        D:4 |     705 |     254 |  26.5 |      19 |       1 |   5.0
        D:5 |    1180 |       5 |   0.4 |      32 |       3 |   8.6
        D:6 |     796 |       0 |   0.0 |      18 |       0 |   0.0
        D:7 |     982 |       0 |   0.0 |      30 |       0 |   0.0
        D:8 |    3133 |     609 |  16.3 |      28 |       4 |  12.5
        D:9 |    2029 |     215 |   9.6 |      24 |       1 |   4.0
       D:10 |    2374 |    1096 |  31.6 |      22 |       5 |  18.5
     Lair:1 |    2287 |     369 |  13.9 |      10 |       2 |  16.7
     Lair:2 |    3221 |    1710 |  34.7 |      10 |       5 |  33.3
     Lair:3 |    1550 |    6203 |  80.0 |       7 |      26 |  78.8
     Lair:4 |    3093 |    2535 |  45.0 |      14 |      25 |  64.1
     Lair:5 |    4971 |    2402 |  32.6 |      15 |      10 |  40.0
     Lair:6 |    6148 |    8558 |  58.2 |      18 |      28 |  60.9
      Orc:1 |     937 |     138 |  12.8 |       9 |       7 |  43.8
      Orc:2 |    2878 |    4797 |  62.5 |      25 |      38 |  60.3
    Ossuary |       0 |     614 | 100.0 |       0 |      39 | 100.0
      IceCv |       0 |    3236 | 100.0 |       0 |      11 | 100.0
            +---------+---------+-------+---------+---------+-------
